Map: Abyssal Reef LE

Players

Musumeci

  • Race: Zerg Zerg
  • League: Diamond
  • Spawn Location: 5:00

NemDealer - Winner!

  • Race: Terran Terran
  • League: Master
  • Spawn Location: 11:00

VOD

Have the link to the VOD?

Description

Time

  • Played on: March 25, 2017, 9:10 a.m.
  • Length: 7:10
Show
View Real Time Build Order
Export as new Build Order

Musumeci Zerg 

Build Orders: Hatch First 

Get SALT Encoding   

  12  0:01  Drone  
  13  0:09  Drone  
  14  0:28  Extractor  
  13  0:34  Drone  
  15  0:44  Hatchery  
  14  0:50  Drone, Extractor  
  15  1:02  Spawning Pool  
  14  1:05  Extractor  
  14  1:07  Drone  
  14  1:11  Extractor  
  14  1:14  Drone  
  16  1:19  Overlord  
  16  1:37  Drone x2  
  18  1:43  Drone  
  19  1:50  Drone  
  20  1:56  Drone  
  20  1:57  Queen  
  20  2:00  Queen  
  25  2:06  Overlord  
  25  2:12  Drone  
  25  2:13  Drone  
  27  2:18  Drone  
  28  2:32  Queen  
  28  2:36  Queen  
  31  2:43  Drone x4  
  35  2:45  Overlord  
  35  2:54  Overlord  
  35  2:59  Overlord  
  35  3:12  Drone x7  
  42  3:16  Drone  
  42  3:19  Extractor  
  42  3:21  Extractor  
  42  3:22  Roach Warren  
  40  3:43  Drone x2  
  40  3:44  Drone  
  40  3:47  Drone x4  
  47  3:49  Drone  
  48  3:56  Hatchery  
  48  4:00  Evolution Chamber x2  
  45  4:19  Drone x7  
  45  4:22  Overlord  
  45  4:23  Overlord x3  
  52  4:35  Overlord  
  52  4:41  Extractor  
  52  4:42  Roach x3, Extractor  
  52  4:45  Roach  
  58  4:55  Roach  
  58  4:56  Roach x5  
  70  5:06  Drone x2  
  72  5:08  Drone  
  71  5:49  Spore Crawler  
  70  5:50  Spore Crawler  
  70  5:51  Drone x10, Spore Crawler  
  70  5:52  Drone x2  
  72  6:11  Roach x7  
  69  6:31  Roach x4  
Show
View Real Time Build Order
Export as new Build Order

NemDealer Terran - Winner!

Build Orders: MMM Bio 

Get SALT Encoding   

  12  0:01  SCV  
  13  0:13  SCV  
  14  0:18  Supply Depot  
  14  0:25  SCV  
  15  0:32  Refinery  
  15  0:40  SCV  
  16  0:47  Barracks  
  16  0:57  SCV  
  17  1:09  SCV  
  18  1:21  SCV  
  19  1:34  Orbital Command  
  19  1:41  Barracks Tech Lab  
  19  1:47  Command Center  
  19  2:01  Barracks  
  19  2:03  Stimpack  
  19  2:05  Marine  
  20  2:10  SCV  
  21  2:22  SCV  
  22  2:27  Refinery, Supply Depot  
  22  2:36  SCV  
  23  2:49  SCV, Marine  
  23  2:51  Barracks Reactor, Factory  
  25  3:01  SCV  
  25  3:04  Orbital Command  
  26  3:06  Supply Depot  
  26  3:07  Marine  
  27  3:13  Engineering Bay  
  27  3:21  SCV  
  27  3:24  Marine  
  29  3:29  Marine x2  
  31  3:37  Starport  
  31  3:38  Factory Reactor  
  31  3:41  SCV  
  31  3:45  SCV  
  31  3:47  Terran Infantry Weapons Level 1  
  33  3:51  Marine  
  33  3:52  Marine x2  
  36  4:03  Combat Shields  
  36  4:04  SCV  
  36  4:09  Marine  
  38  4:10  Marine x2  
  38  4:11  SCV  
  38  4:16  SCV  
  42  4:19  Supply Depot  
  42  4:22  Supply Depot  
  42  4:24  Medivac  
  42  4:26  Marine  
  42  4:28  Marine x2  
  42  4:30  SCV x2  
  49  4:33  Medivac  
  51  4:39  Refinery  
  51  4:40  Widow Mine  
  51  4:44  Marine  
  51  4:45  SCV x2  
  56  4:48  Marine x2  
  58  5:01  Medivac  
  58  5:02  SCV x2, Marine  
  58  5:04  Refinery  
  58  5:06  Marine x2  
  65  5:09  Widow Mine  
  67  5:20  Marine  
  68  5:24  Marine x2  
  70  5:29  Supply Depot  
  70  5:33  Supply Depot  
  70  5:34  Supply Depot  
  70  5:39  SCV  
  70  5:41  SCV  
  70  5:46  Concussive Shells  
  70  5:50  Marine x3  
  70  5:51  Medivac, Supply Depot  
  75  5:59  SCV x2  
  74  6:08  Marauder  
  75  6:12  SCV  
  76  6:18  Command Center  
  76  6:19  Armory  
  76  6:24  SCV  
  77  6:40  Marine x3  
  80  6:48  SCV x2  
  80  6:54  Engineering Bay  
Tags
 
Composition
MMM Bio
Matchup
TvZ
Replay Pack
replay pack
Spawn Locations
Cross Positions
Add a new tag
Caveats
  • Supply blocks, unpowered buildings, or Contaminate may cause inaccurate times.
  • Supply counts are checked every 10 seconds.